 Dungeon Crawl Stone Soup version 0.29.1-1-gd02db6906a (webtiles) character file.

Game seed: 971628076815358160

180 xian the Cudgeller (level 5, -1/49 HPs)
             Began as a Troll Gladiator on Oct 1, 2022.
             Slain by an orc
             ... wielding a +0 hand axe
              (4 damage)
             ... on level 4 of the Dungeon.
             The game lasted 00:06:35 (2371 turns).

xian the Cudgeller (Troll Gladiator)                Turns: 2371, Time: 00:06:36

Health: -1/49      AC:  4    Str: 24    XL:     5   Next: 33%
Magic:  4/4        EV: 10    Int:  4    God:
Gold:   132        SH:  0    Dex: 11    Spells: 4/4 levels left

rFire   . . .      SeeInvis .   a - +0 flail
rCold   . . .      Faith    .   (no shield)
rNeg    . . .      Spirit   .   b - +0 robe
rPois   .          Reflect  .   c - +0 hat
rElec   .          Harm     .   (no cloak)
rCorr   .          Rampage  .   (gloves unavailable)
Will    .....                   (boots unavailable)
Stlth   +.........              r - amulet of the acrobat
HPRegen 0.96/turn               (no ring)
MPRegen 0.09/turn               (no ring)

@: no status effects
A: large, unfitting armour, claws 3, regeneration 1, shaggy fur 1, tough skin 1
a: no special abilities


You were on level 4 of the Dungeon.
You visited 1 branch of the dungeon, and saw 4 of its levels.

You collected 132 gold pieces.

Inventory:

Hand Weapons
 a - a +0 flail (weapon)
Missiles
 d - 3 throwing nets
 e - a large rock
 k - 13 stones (quivered)
Armour
 b - a +0 robe (worn)
 c - a +0 hat (worn)
Jewellery
 r - an amulet of the acrobat (around neck)
Wands
 u - a wand of charming (6)
Scrolls
 f - 6 scrolls of identify {unknown}
 g - 4 scrolls of teleportation
 i - a scroll of enchant weapon {unknown}
 l - a scroll of silence {unknown}
 m - 2 scrolls of enchant armour {unknown}
 n - 2 scrolls of poison {unknown}
 t - a scroll of immolation {unknown}
Potions
 h - a potion of heal wounds {unknown}
 j - 2 potions of brilliance {unknown}
 o - a potion of ambrosia {unknown}
 p - 2 potions of mutation {unknown}
 q - a potion of lignification {unknown}
 s - a potion of flight {unknown}
 v - a potion of cancellation {unknown}
 w - a potion of curing {unknown}


   Skills:
 + Level 2.1 Fighting
 + Level 4.1 Maces & Flails
 + Level 2.3 Throwing
 + Level 3.3 Dodging
 + Level 0.4 Stealth


You had 4 spell levels left.
You didn't know any spells.
Your spell library contained the following spells:

 Spells                   Type           Power      Damage    Failure   Level
 Apportation              Tloc           0%         N/A       50%         1
 Necrotise                Necr           0%         1d4       50%         1
 Sting                    Tmut/Pois      0%         1d3       50%         1
 Summon Small Mammal      Summ           0%         N/A       50%         1
 Poisonous Vapours        Pois/Air       0%         N/A       65%         2
 Olgreb's Toxic Radiance  Pois           0%         N/A       99%         4
 Borgnjor's Revivificati  Necr           0%         N/A       100%        8
 Necromutation            Tmut/Necr      0%         N/A       100%        8
 Death's Door             Necr           0%         N/A       100%        9


Dungeon Overview and Level Annotations

Branches:
Dungeon (4/15)             Temple (0/1) D:4

Altars:
Hepliaklqana
Uskayaw
Yredelemnul

Shops:
D:1 :

Annotations:
D:3 2 transporters, Smersh616's ghost, amateur DrMo


Innate Abilities, Weirdness & Mutations

You are too large for most types of armour.
You have claws for hands.
Your natural rate of healing is unusually fast.
You are covered in fur. (AC +1)
You have tough skin. (AC +1)


Message History

The orc hits you with a +0 mace.
You hear some strange, mumbled words.
Something tries to affect you, but you resist.
You bump into the rock wall.
The ball python barely misses you. The orc hits you but does no damage.
Something hits you. The ball python barely misses you.
The ball python attacks as you move away!
The ball python bites you. The orc misses you.
The ball python bites you but does no damage.
The orc misses you.
You're too confused to move!
The ball python bites you. The orc barely misses you.
The ball python misses you. The orc completely misses you.
You bump into the rock wall.
You feel less confused.
The ball python bites you but does no damage.
The orc hits you with a +0 mace.
The ball python bites you but does no damage.
You sock the ball python!
You kill the ball python!
The orc barely misses you.
You barely miss the orc. The orc hits you with a +0 mace.
You miss something. The orc hits you with a +0 hand axe.
The orc hits you with a +0 mace. Something hits you.
You hit something.
Reactivating autopickup.
You feel a bit more experienced. The orc misses you.
The orc hits you but does no damage. The orc hits you with a +0 hand axe.
The orc hits you with a +0 mace.
* * * LOW HITPOINT WARNING * * *
The orc closely misses you. The orc completely misses you.
Things that are here:
a +0 dagger; a +0 robe; an orc corpse Unknown command.
You barely miss the orc. The orc hits you with a +0 hand axe.
* * * LOW HITPOINT WARNING * * *
The orc hits you with a +0 mace.
* * * LOW HITPOINT WARNING * * *
You barely miss the orc. The orc hits you with a +0 hand axe.
You die...

##.....#......###.....
#.....#.....##......#
##..#.......#..<..#
#..##..#..#.......###
........#####........#
.......## ##....#...
.......# #....##
........ ##.o.# ....
#.o@# ###.......#
.....##.# ........
...###...# ...# ...#
##.. .## #.. ##


You could see 2 orcs.

Vanquished Creatures
  An iguana (D:4)
  An orc wizard (D:4)
  5 adders
  4 dart slugs
  An orc (D:4)
  4 endoplasms
  4 giant cockroaches
  5 goblins
  8 hobgoblins
  8 jackals
  11 kobolds
  A quokka (D:1)
  8 ball pythons
  3 bats
  4 frilled lizards
  5 rats
73 creatures vanquished.

Notes
Turn   | Place    | Note
-------+----------+-------------------------------------------
     0 | D:1      | xian the Troll Gladiator began the quest for the Orb.
     0 | D:1      | Reached XP level 1. HP: 19/19 MP: 0/0
   204 | D:1      | Reached skill level 3 in Maces & Flails
   205 | D:1      | Reached XP level 2. HP: 26/27 MP: 1/1
   259 | D:1      | Found Feruts's Book Shoppe.
   821 | D:2      | Reached XP level 3. HP: 35/35 MP: 2/2
  1145 | D:2      | Reached XP level 4. HP: 34/42 MP: 3/3
  1539 | D:3      | Found a transporter.
  1539 | D:3      | Noticed Smersh616's ghost (amateur DrMo)
  1546 | D:3      | Found a transporter.
  1614 | D:3      | Found a hazy altar of Hepliaklqana.
  1708 | D:3      | Found a hide-covered altar of Uskayaw.
  1894 | D:3      | Found a basalt altar of Yredelemnul.
  2184 | D:4      | Found a staircase to the Ecumenical Temple.
  2231 | D:4      | Identified the +0 ring mail "Wuma Jeahish" {rPois rCorr
                  | Int+3}
  2263 | D:4      | Reached XP level 5. HP: 42/49 MP: 4/4
  2309 | D:4      | Reached skill level 4 in Maces & Flails
  2370 | D:4      | HP: 2/49 [orc/+0 mace (6)]
  2371 | D:4      | Slain by an orc

Illustrated notes

Levels and vault maps discovered:
D:1:      dpeg_arrival_radiant, layout_rooms, serial_shops, nicolae_diamond_shop
D:2:      layout_loops_cross
D:3:      layout_basic, lemuel_tele_altar, mainiacjoe_overflow_surrounded_room,
          nicolae_uskayaw_dance_hall, gammafunk_ghost_mausoleum
D:4:      layout_cave_pools, trog_book, temple_pool_b

Skill      XL: |  1  2  3  4  5 |
---------------+----------------+-----
Maces & Flails | 3 4 |  4.1
Throwing       | 2 |  2.3
Dodging        | 3 |  3.3
Fighting       | 2 |  2.1
Stealth        | |  0.4

Action                   |  1- 3 |  4- 6 || total
-------------------------+-------+-------++-------
Melee: Flail             |   145 |    97 ||   242
       Punch             |     1 |     1 ||     2
Throw: Stone             |    32 |    20 ||    52
  Use: Scroll            |       |     1 ||     1
 Stab: Sleeping          |       |     1 ||     1
Armor: Robe              |    69 |    52 ||   121
Dodge: Dodged            |   117 |    97 ||   214
